 Dungeon Crawl Stone Soup version 0.29-a0-1006-g0dd7720b37 (webtiles) character file.

Game seed: 17052760613569052247

20055 jlumianski the Slicer (level 12, -1/97 HPs)
             Began as a Demonspawn Gladiator on Aug 7, 2022.
             Was an Initiate of Yredelemnul.
             Slain by a boulder beetle (10 damage)
             ... on level 12 of the Dungeon.
             The game lasted 01:04:26 (11225 turns).

jlumianski the Slicer (Demonspawn Gladiator)       Turns: 11225, Time: 01:04:26

Health: -1/97      AC: 12    Str: 16    XL:     12   Next: 42%
Magic:  18/18      EV: 17    Int: 13    God:    Yredelemnul [......]
Gold:   628        SH:  0    Dex: 21    Spells: 16/19 levels left

rFire   . . .      SeeInvis .   r - +8 dagger of the Tundras {pain, rC+}
rCold   + . .      Faith    .   (no shield)
rNeg    . . .      Spirit   .   O - +2 robe {Archmagi}
rPois   +          Reflect  .   c - +2 helmet
rElec   .          Harm     .   Q - +0 cloak
rCorr   .          Rampage  .   (no gloves)
Will    .....      Archmagi +   (no boots)
Stlth   +++.......              C - amulet of regeneration
HPRegen 1.06/turn               w - +6 ring of dexterity
MPRegen 0.16/turn               x - ring of poison resistance

@: no status effects
A: claws 1, icy blue scales 2, powered by death 2, robust 1
a: Renounce Religion, Recall Undead Harvest


You were on level 12 of the Dungeon.
You worshipped Yredelemnul.
Yredelemnul was noncommittal.
You visited 1 branch of the dungeon, and saw 12 of its levels.

You collected 716 gold pieces.
You spent 88 gold pieces at shops.

Inventory:

Hand Weapons
 f - a +2 scimitar of electrocution
 g - a +1 sling of freezing
 r - the +8 dagger of the Tundras (weapon) {pain, rC+}
   (You took it off a kobold on level 2 of the Dungeon)

   In the hands of one skilled in necromantic magic, it inflicts extra damage on
   living creatures.
   rC:        It protects you from cold.
 s - a +2 dagger of protection
 N - a +4 dagger of chaos
Missiles
 d - 4 throwing nets
 e - a javelin
 h - a boomerang
 j - 58 poisoned darts (quivered)
 G - 6 curare-tipped darts
Armour
 c - a +2 helmet (worn)
 q - a +1 leather armour of poison resistance
 O - a +2 robe of the Archmagi (worn)
 Q - a +0 cloak (worn)
Jewellery
 a - a +6 ring of intelligence
 w - a +6 ring of dexterity (left claw)
 x - a ring of poison resistance (right claw)
 y - a ring of magical power
 C - an amulet of regeneration (around neck)
 D - a ring of protection from fire
 I - a ring of ice
Wands
 l - a wand of flame (42)
 A - a wand of digging (5)
 H - a wand of paralysis (11)
 M - a wand of acid (8)
Scrolls
 b - a scroll of enchant weapon
 t - a scroll of brand weapon
 u - 2 scrolls of amnesia
 v - 6 scrolls of fear
 E - a scroll of butterflies
 F - a scroll of teleportation
 K - 2 scrolls of identify
Potions
 i - 10 potions of curing
 k - 3 potions of flight
 m - 6 potions of cancellation
 n - 2 potions of might
 o - 3 potions of mutation
 p - a potion of magic
 z - 2 potions of lignification
 B - 2 potions of attraction
 J - a potion of haste


   Skills:
 + Level 6.4 Fighting
 - Level 10.0 Short Blades
 - Level 3.3 Axes
 + Level 2.3 Throwing
 + Level 6.1 Armour
 + Level 6.8 Dodging
 + Level 5.3 Stealth
 * Level 4.4 Spellcasting
 + Level 0.1 Conjurations
 * Level 8.6 Necromancy
 * Level 5.6 Poison Magic
 * Level 6.9 Invocations
 * Level 0.9 Evocations


You had 16 spell levels left.
You knew the following spells:

 Your Spells              Type           Power      Damage    Failure   Level
a - Mephitic Cloud        Conj/Pois/Air  11%        N/A       26%         3

Your spell library contained the following spells:

 Spells                   Type           Power      Damage    Failure   Level
 Shock                    Conj/Air       16%        1d4       19%         1
 Freeze                   Ice            16%        1d4       21%         1
 Ignite Poison            Fire/Tmut/Pois 11%        N/A       28%         3
 Conjure Flame            Conj/Fire      4%         6-21      50%         3
 Frozen Ramparts          Ice            8%         1d2       52%         3
 Gell's Gravitas          Tloc           4%         N/A       52%         3
 Inner Flame              Hex/Fire       4%         N/A       52%         3
 Lesser Beckoning         Tloc           4%         N/A       52%         3
 Swiftness                Air            4%         N/A       52%         3
 Teleport Other           Tloc           4%         N/A       52%         3
 Hailstorm                Conj/Ice       4%         3d4       88%         4
 Sticky Flame             Conj/Fire      4%         2d3       88%         4
 Airstrike                Air            2%         2d(1-17)  89%         4
 Cause Fear               Hex            2%         N/A       89%         4
 Freezing Cloud           Conj/Ice/Air   2%         6-21      99%         5
 Discord                  Hex            2%         N/A       100%        8


Dungeon Overview and Level Annotations

Branches:
Dungeon (12/15)            Temple (0/1) D:7            Lair (0/5) D:9
    Orc (0/2) D:9

Altars:
Ashenzari
Cheibriados
Fedhas
Hepliaklqana
Makhleb
Qazlal
Ru
Trog
Uskayaw
Xom
Yredelemnul

Shops:
D:7 *   D:8 =

Annotations:
D:11 3 runed translucent doors


Innate Abilities, Weirdness & Mutations

You have sharp fingernails.
You are mostly covered in icy blue scales. (AC +3)
You regenerate health from kills.
You are robust. (+10% HP)


Message History

The boulder beetle is moderately wounded.
The boulder beetle closely misses you.
You barely miss the boulder beetle.
The boulder beetle is moderately wounded.
You hit the boulder beetle but do no damage.
The boulder beetle is moderately wounded.
The boulder beetle bites you!!
* * * LOW HITPOINT WARNING * * *
The boulder beetle is no longer covered in acid.
The boulder beetle curls into a ball and begins rolling!
The boulder beetle attacks as you move away!
The boulder beetle hits you!
* * * LOW HITPOINT WARNING * * *
The boulder beetle stops rolling and uncurls.
The boulder beetle curls into a ball and begins rolling!
You feel better. The boulder beetle closely misses you.
The boulder beetle stops rolling and uncurls.
You hit the boulder beetle but do no damage.
The boulder beetle writhes in agony.
The boulder beetle is moderately wounded.
Aiming: Corrosive Bolt
Press: ? - help, Shift-Dir - straight line, f/p - boulder beetle
Aim: a boulder beetle (moderately wounded, 100% to hit)
The bolt of acid hits the boulder beetle!
The acid corrodes the boulder beetle!
The boulder beetle is heavily wounded.
The slime creature misses you. The boulder beetle misses you.
Aiming: Corrosive Bolt
Press: ? - help, Shift-Dir - straight line, f/p - boulder beetle
Aim: a boulder beetle (heavily wounded, covered in acid, 100% to hit)
The bolt of acid hits the boulder beetle!
The boulder beetle seems to be corroded for longer.
The boulder beetle is severely wounded.
The slime creature hits you!
* * * LOW HITPOINT WARNING * * *
The boulder beetle bites you!!
* * * LOW HITPOINT WARNING * * *
You feel better. The slime creature misses you. The boulder beetle bites you!
You die...
Your body rises from the dead as a mindless zombie.

####.##.########.##....##.#))....
.....#.########.##.....#.#.####.
....#.#<..............#.#.# #.
JJJ#.########.##.)...#.#.# #.
#○##.............)...#<#.# #.
#.##.########.#.)).###.#.# #.
#.###########.#......#.#.# ##
####......J....J.#<)..#.#.#.#
..........J....B@.).....#.#.#
################.)........#.#
..............>.##.#
#######.######..##.#
################.######..##.#
#.....##......#......###..#.#
#.....##.....)#........#..#.#
#.....##......#........##...#
#.....##))....##.###...##...#


You could see a boulder beetle (corroded) and 3 slime creatures.

Vanquished Creatures
  A hydra (D:12)
  A two-headed ogre (D:9)
  Sonja (D:12)
  An ugly thing (D:11)
  2 cyclopes
  The ghost of Sobieck the Sneak, a novice VSBr of Uskayaw (D:6)
  An ice statue (D:11)
  A gargoyle (D:7)
  Psyche (D:8)
  An unseen horror (D:11)
  3 kobold demonologists (D:12)
  2 trolls
  A hornet (D:9)
  Sigmund (D:4)
  A wyvern (D:9)
  A shadow (D:10)
  24 yaks
  A wraith (D:10)
  A steam dragon (D:9)
  An unseen horror simulacrum (D:9)
  A basilisk (D:11)
  2 vampire mosquitoes (D:11)
  Menkaure (D:4)
  Edmund (D:4)
  A hell hound (D:10)
  5 orc warriors
  A black bear (D:6)
  3 ice beasts (D:7)
  4 ogres
  5 centaurs
  3 phantoms
  10 kobold brigands
  2 gnoll sergeants
  2 wyvern zombies (D:5)
  2 necrophages (D:6)
  6 bullfrogs
  4 scorpions
  10 wights
  4 killer bees
  12 howler monkeys
  A human zombie (D:5)
  8 orc priests
  3 jellies
  5 iguanas
  Ijyb (D:4)
  8 orc wizards
  A killer bee zombie (D:5)
  2 hound zombies (D:5)
  2 mummies (D:5)
  A howler monkey zombie (D:5)
  12 gnolls
  10 adders
  A white imp (D:9)
  An adder zombie (D:5)
  2 worms
  3 dart slugs
  38 orcs
  8 ball pythons
  12 endoplasms
  2 giant cockroaches
  8 goblins
  10 hobgoblins
  3 quokkas
  7 bats
  4 frilled lizards
  18 kobolds
  A rat (D:2)
298 creatures vanquished.

Vanquished Creatures (collateral kills)
  A two-headed ogre (D:9)
  A wizard (D:9)
  An ugly thing (D:9)
  A troll (D:9)
  A shadow (D:9)
  7 yaks
  2 vampire mosquitoes (D:11)
  A water moccasin (D:6)
  An orc warrior (D:9)
  A gnoll sergeant (D:7)
  3 bullfrogs (D:9)
  A scorpion (D:7)
  A killer bee (D:8)
  2 howler monkeys (D:9)
  A crimson imp (D:9)
  A hound (D:6)
  A jelly (D:6)
  An orc wizard (D:9)
  An adder (D:6)
  A white imp (D:7)
  4 orcs
  A goblin (D:9)
  A kobold (D:11)
36 creatures vanquished.

Vanquished Creatures (others)
  A shadow (D:9)
  A human zombie (D:9)
  2 two-headed ogre zombies (D:9)
  A centaur (D:9)
  A water moccasin zombie (D:6)
  2 troll zombies (D:9)
  7 yak zombies
  3 bullfrog zombies
  A centaur zombie (D:9)
  A killer bee zombie (D:8)
  8 kobold zombies
  An ice beast zombie (D:7)
  6 howler monkey zombies
  2 adder zombies (D:6)
  5 gnoll zombies (D:7)
  14 orc zombies
  A plant (D:2)
57 creatures vanquished.

Grand Total: 391 creatures vanquished

Notes
Turn   | Place    | Note
-------+----------+-------------------------------------------
     0 | D:1      | jlumianski the Demonspawn Gladiator began the quest for the
                  | Orb.
     0 | D:1      | Reached XP level 1. HP: 16/16 MP: 1/1
     3 | D:1      | Noticed an electric eel
     4 | D:1      | Noticed an electric eel
   301 | D:1      | Gained mutation: You are partially covered in icy blue
                  | scales. (AC +2) [demonic ancestry]
   301 | D:1      | Reached XP level 2. HP: 11/22 MP: 2/2
  1453 | D:2      | Gained mutation: You are robust. (+10% HP) [potion of
                  | mutation]
  1517 | D:2      | Reached XP level 3. HP: 25/29 MP: 3/3
  1646 | D:2      | Identified the +8 dagger of the Tundras {pain, rC+}
  2096 | D:3      | Reached XP level 4. HP: 36/36 MP: 4/4
  2368 | D:3      | Reached skill level 1 in Necromancy
  2435 | D:4      | Reached skill level 1 in Armour
  2450 | D:5      | Entered Level 5 of the Dungeon
  2450 | D:5      | Noticed Edmund
  2450 | D:5      | Noticed an ogre
  2567 | D:4      | Noticed a phantom
  2591 | D:3      | Killed a phantom
  2592 | D:3      | Reached skill level 1 in Short Blades
  2592 | D:3      | Reached XP level 5. HP: 16/42 MP: 5/5
  3310 | D:4      | Reached skill level 2 in Short Blades
  3358 | D:4      | Noticed Ijyb
  3369 | D:4      | Killed Ijyb
  3370 | D:4      | Gained mutation: You have sharp fingernails. [demonic
                  | ancestry]
  3370 | D:4      | Reached XP level 6. HP: 43/50 MP: 6/6
  3651 | D:4      | Reached skill level 3 in Short Blades
  3663 | D:4      | Noticed Sigmund
  3786 | D:4      | Killed Sigmund
  3787 | D:4      | Reached skill level 1 in Stealth
  3787 | D:4      | Gained mutation: You are mostly covered in icy blue scales.
                  | (AC +3) [demonic ancestry]
  3787 | D:4      | Reached XP level 7. HP: 46/56 MP: 7/7
  3859 | D:4      | Found a hide-covered altar of Uskayaw.
  3939 | D:4      | Noticed Menkaure
  3955 | D:4      | Killed Menkaure
  3956 | D:4      | Reached skill level 4 in Short Blades
  4304 | D:4      | Killed Edmund
  4305 | D:4      | Reached skill level 5 in Short Blades
  4538 | D:5      | Gained mutation: You regenerate a little health from kills.
                  | [demonic ancestry]
  4538 | D:5      | Reached XP level 8. HP: 57/63 MP: 8/8
  4687 | D:5      | Found a burning altar of Makhleb.
  4845 | D:5      | Found a basalt altar of Yredelemnul.
  4867 | D:5      | Became a worshipper of Yredelemnul the Dark
  4943 | D:5      | Reached skill level 6 in Short Blades
  5173 | D:6      | Reached * piety under Yredelemnul
  5256 | D:6      | Found a runed translucent door.
  5256 | D:6      | Noticed Sobieck's ghost (novice VSBr)
  5300 | D:6      | Reached ** piety under Yredelemnul
  5503 | D:6      | Reached *** piety under Yredelemnul
  5532 | D:6      | Reached XP level 9. HP: 70/71 MP: 9/9
  5539 | D:6      | Found a stormy altar of Qazlal.
  5565 | D:6      | Found a sacrificial altar of Ru.
  5571 | D:6      | Found a snail-covered altar of Cheibriados.
  5661 | D:6      | Killed Sobieck's ghost
  5662 | D:6      | Reached skill level 7 in Short Blades
  5662 | D:6      | Reached skill level 5 in Necromancy
  5802 | D:6      | Found a broken altar of Ashenzari.
  6133 | D:7      | Noticed a gargoyle
  6379 | D:7      | Found Yvofy's Assorted Antiques.
  6390 | D:7      | Bought a glowing brass wand for 88 gold pieces
  6461 | D:7      | Reached skill level 8 in Short Blades
  6461 | D:7      | Reached skill level 5 in Dodging
  6511 | D:7      | Killed a gargoyle
  6512 | D:7      | Reached skill level 5 in Armour
  6512 | D:7      | Gained mutation: You regenerate health from kills. [demonic
                  | ancestry]
  6512 | D:7      | Reached XP level 10. HP: 43/80 MP: 6/10
  6628 | D:7      | Learned a level 3 spell: Mephitic Cloud
  6743 | D:7      | Reached skill level 1 in Invocations
  6867 | D:7      | Reached skill level 1 in Poison Magic
  6913 | D:7      | Found a staircase to the Ecumenical Temple.
  7083 | D:7      | Found a shimmering altar of Xom.
  7320 | D:8      | Noticed Psyche
  7337 | D:8      | Found a blossoming altar of Fedhas.
  7371 | D:8      | Found Unolivel's Jewellery Boutique.
  7443 | D:8      | Reached skill level 1 in Spellcasting
  7660 | D:8      | Reached skill level 9 in Short Blades
  7792 | D:8      | Reached **** piety under Yredelemnul
  7830 | D:8      | Killed Psyche
  7986 | D:9      | Reached XP level 11. HP: 43/85 MP: 13/13
  8045 | D:9      | Noticed a brown ugly thing
  8045 | D:9      | Noticed a wizard
  8056 | D:9      | Noticed a two-headed ogre
  8056 | D:9      | Noticed a two-headed ogre
  8062 | D:9      | Reached ***** piety under Yredelemnul
  8087 | D:9      | Killed a wizard
  8091 | D:9      | Killed a two-headed ogre
  8092 | D:9      | Reached skill level 5 in Fighting
  8098 | D:9      | Killed a brown ugly thing
  8118 | D:9      | Killed a two-headed ogre
  8216 | D:9      | Reached skill level 5 in Invocations
  8337 | D:9      | Found a bloodstained altar of Trog.
  8488 | D:9      | Found a staircase to the Lair.
  8522 | D:9      | Found a staircase to the Orcish Mines.
  8827 | D:10     | Entered Level 10 of the Dungeon
  9131 | D:10     | Reached skill level 10 in Short Blades
  9183 | D:10     | Reached skill level 5 in Stealth
  9397 | D:10     | Found a hazy altar of Hepliaklqana.
  9858 | D:10     | Noticed a necromancer
  9859 | D:10     | Noticed a hell knight
 10015 | D:11     | Reached XP level 12. HP: 95/95 MP: 17/17
 10096 | D:11     | Found a runed translucent door.
 10188 | D:11     | Found a runed translucent door.
 10237 | D:11     | Reached skill level 5 in Poison Magic
 10312 | D:11     | Found a runed translucent door.
 10326 | D:11     | Found a runed translucent door.
 10858 | D:12     | Noticed Sonja
 10871 | D:12     | Killed Sonja
 10873 | D:12     | Noticed an eight-headed hydra
 10886 | D:12     | Killed an eight-headed hydra
 11170 | D:12     | Noticed a boulder beetle
 11224 | D:12     | HP: 1/97 [boulder beetle (22)]
 11225 | D:12     | Slain by a boulder beetle

Illustrated notes

Levels and vault maps discovered:
D:1:      arrival_aquarium_b, layout_basic, minmay_bisected
D:2:      layout_loops_ring, serial_forest, infiniplex_forest_end_2,
          infiniplex_forest_pool, infiniplex_forest_clump_tiny,
          infiniplex_forest_clump_curved, infiniplex_forest_pool,
          infiniplex_forest_clump_double, infiniplex_forest_lined_corner,
          infiniplex_forest_clump_medium, infiniplex_forest_straight_2,
          minmay_increasing_density
D:3:      layout_basic, mainiacjoe_overflow_alcove_4
D:4:      minmay_skewed_foursquare, layout_cave_pools,
          nicolae_overflow_crystal_walls, uniq_ijyb, uniq_sigmund, uniq_menkaure
D:5:      layout_basic, mainiacjoe_overflow_tiny_flanked,
          lemuel_mausoleum_altar_yredelemnul, uniq_edmund
D:6:      layout_loops_cross, ashenzari_conservatory_becter, old_standard_altar,
          grunt_temple_overflow_open, hellmonk_ghost_happy_afterlife,
          minmay_quadrilaterals
D:7:      cheibrodos_fzero, layout_gridville, elyvilon_altar_5,
          lemuel_tele_altar, minmay_temple_entry_poolview, serial_shops,
          nicolae_shop_crystal, centaur_isle
D:8:      layout_basic, lemuel_round_altar, serial_shops, shop, uniq_psyche
D:9:      minmay_bloctagon, layout_rooms, trog_hazing_becter, lair_entry_dummy,
          orc_0_dummy, serial_curves, eino_curves_03, eino_curves_04,
          grunt_ministairs_10, minmay_fire_ice_demons
D:10:     layout_roguey, old_standard_altar, minmay_rotating_lava
D:11:     layout_basic, minmay_misc_feat_ornament, kennysheep_flooded_box,
          minmay_statue_crystal_thing
D:12:     layout_basic, uniq_sonja

Skill      XL: |  1  2  3  4  5  6  7  8  9 10 11 12 |
---------------+-------------------------------------+-----
Dodging        | 3 4 5 6 |  6.8
Axes           | 3 |  3.3
Necromancy     | 1 2 3 4 6 7 8 |  8.6
Armour         | 1 2 3 4 5 6 |  6.1
Short Blades   | 1 2 3 5 6 8 9 10 | 10.0
Stealth        | 1 2 3 4 5 |  5.3
Fighting       | 3 4 5 6 |  6.4
Throwing       | 2 |  2.3
Invocations    | 3 5 6 |  6.9
Poison Magic   | 3 4 5 |  5.6
Spellcasting   | 1 3 4 |  4.4
Conjurations   | |  0.1
Evocations     | |  0.9

Action                   |  1- 3 |  4- 6 |  7- 9 | 10-12 || total
-------------------------+-------+-------+-------+-------++-------
Melee: War axe           |    81 |       |       |       ||    81
       Punch             |     1 |       |    12 |    15 ||    28
       Dagger            |    16 |   130 |   366 |   705 ||  1217
Throw: Dart              |       |       |     6 |       ||     6
       Throwing net      |       |       |     1 |       ||     1
Invok: Dark Bargain      |       |       |     1 |     2 ||     3
       Recall Undead Har |       |       |       |     3 ||     3
Evoke: Wand              |       |       |       |    11 ||    11
  Use: Potion            |     1 |     5 |       |     5 ||    11
       Scroll            |     2 |     9 |     3 |     6 ||    20
 Stab: Sleeping          |       |       |     5 |     3 ||     8
       Distracted        |       |       |     3 |     6 ||     9
       Paralysed         |       |       |       |     1 ||     1
Armor: Leather armour    |    11 |       |       |       ||    11
       Ring mail         |    26 |    45 |    95 |    48 ||   214
       Robe              |       |       |       |   129 ||   129
Dodge: Dodged            |    72 |    71 |   172 |   399 ||   714

Table legend: (Time is in decaauts)
 A = Elapsed time spent in this place.
 B = Non-inter-level travel time spent in this place.
 C = Inter-level travel time spent in this place.
 D = Time resting spent in this place.
 E = Time spent auto-exploring this place.
 F = Levels seen in this place.
 G = Mean time per level.
                   A        B        C        D        E       F      G
               +--------+--------+--------+--------+--------+-----+--------+
         Total |  10810 |  10644 |    166 |   1138 |   5505 |  12 |  900.8 |
       Dungeon |  10810 |  10644 |    166 |   1138 |   5505 |  12 |  900.8 |
               +--------+--------+--------+--------+--------+-----+--------+

Top non-repeatable levels by time:
     D:1: 1257 daAuts
     D:4: 1128 daAuts
     D:2: 1052 daAuts
     D:6: 1039 daAuts
    D:10: 1019 daAuts
     D:3: 959 daAuts
     D:7: 945 daAuts
     D:9: 793 daAuts
    D:11: 787 daAuts
     D:5: 700 daAuts
     D:8: 698 daAuts
    D:12: 428 daAuts
